[Event "Prague Festival-Challengers 2022"]
[Site "Prague"]
[Date "2022.06.08"]
[Round "1.1"]
[White "Keymer, Vincent"]
[Black "Hracek, Zbynek"]
[Result "1-0"]
[ECO "D02"]
[WhiteElo "2667"]
[BlackElo "2570"]
[Annotator "TA"]
[PlyCount "85"]
[EventDate "2022.06.07"]
[EventType "tourn"]
[EventCountry "CZE"]
[SourceTitle "playchess.com"]
[Source "ChessBase"]
[SourceQuality "1"]
[TimeControl "40/5400+30:1800+30"]

1. Nf3 d5 2. g3 Nd7 3. d4 Ngf6 4. Bg2 e6 5. a4 {[%emt 0:13:37][%cal Ba2a4,Ba4a5,Ba5a6][%mdl 32] [#]} c5 $146 ({Predecessor:} 5... Be7 6. O-O O-O 7. c4 a5 8. Qc2 c6 9. Nbd2 Nb8 10. e4 Na6 11. Re1 Nb4 {1-0 (47) Vajda,L (2547)-Shengelia,D (2522) Hungary 2019}) 6. O-O {[%emt 0:04:44][%cal Oc2c4] D02: 1 d4 d5 2 Nf3 sidelines, including 2...Nf6 3 g3 and 2...Nf6 3 Bf4.} b6 7. c4 Bb7 8. cxd5 $1 {[%emt 0:03:15] White is slightly better.} exd5 9. a5 Be7 10. a6 Bc6 11. Ne5 Nxe5 12. dxe5 Nd7 13. Nc3 Nxe5 14. Nxd5 Rc8 15. Bf4 Ng6 16. Ra3 Bxd5 (16... O-O $5 ) 17. Rd3 Nxf4 18. gxf4 O-O {[%emt 0:03:50][%cal Od5g2] [#] Strongly threatening ...Bxg2!} 19. Rxd5 Qe8 20. Bh3 {[%emt 0:04:19] Bd7 is the strong threat.} Rc7 21. Bd7 $36 {[%emt 0:00:30][%mdl 2048] White fights for an advantage.} Qb8 22. Qa4 c4 23. e3 c3 (23... Rd8 $11) 24. bxc3 $14 Rxc3 25. Rfd1 Rc5 26. Qe4 Rxd5 $1 27. Qxd5 (27. Rxd5 $5 Bd6 28. Rd4 $14) 27... Rd8 28. Qb7 b5 {[%emt 0:05:34] White stays focused until the end.} ({Black should play} 28... Kf8 $14) 29. Kg2 $16 {[%emt 0:00:49][%cal Od7b5] 0x0.0017620c08f0dp-1022s more active pieces.} b4 {[%emt 0:03:53] [#]} (29... Bd6 $16 {might work better.} 30. Bxb5 Qc7) 30. Ba4 $1 $18 Qxb7+ (30... Kf8 {was worth a try.} 31. Rxd8+ Qxd8) 31. axb7 {[%emt 0:00:26][%mdl 4096] Endgame Rxd8+ would kill now. KRB-KRB} Rb8 32. Rd7 Kf8 33. e4 g6 34. Kf3 Ke8 35. Ke2 b3 36. Kd3 ({Less strong is} 36. Rd3+ Kf8 37. Rxb3 Bd8 $18) 36... a5 37. e5 Bb4 38. f3 h5 39. Rc7+ Kd8 40. Rd7+ Ke8 41. h3 {[%emt 0:03:56] White is clearly winning.} h4 42. f5 gxf5 43. f4 {[%emt 0:00:06] Weighted Error Value: White=0.20 (precise) /Black=0.26 (precise)} 1-0

[Event "Prague Festival-Challengers 2022"]
[Site "Prague"]
[Date "2022.06.08"]
[Round "1.2"]
[White "Sasikiran, Krishnan"]
[Black "Warmerdam, Max"]
[Result "1/2-1/2"]
[ECO "B97"]
[WhiteElo "2651"]
[BlackElo "2614"]
[Annotator "TA"]
[PlyCount "56"]
[EventDate "2022.06.07"]
[EventType "tourn"]
[EventCountry "CZE"]
[SourceTitle "playchess.com"]
[Source "ChessBase"]
[SourceQuality "1"]
[TimeControl "40/5400+30:1800+30"]

1. e4 c5 2. Nf3 d6 3. d4 cxd4 4. Nxd4 Nf6 5. Nc3 a6 6. Bg5 e6 7. f4 Qb6 8. Qd2 Qxb2 9. Rb1 Qa3 10. Be2 {[%emt 0:03:00] [#] Threatens to win with e5. 10.f5 is setting a new trend.} (10. f5 $5 ) 10... Be7 {[%emt 0:00:20] next ...h6 is good for Black. B97: Sicilian Najdorf: Poisoned Pawn.} 11. e5 dxe5 12. fxe5 Nfd7 {[%emt 0:00:06] [#] ...Bxg5 is the strong threat.} 13. h4 $146 ({Predecessor:} 13. Rb3 Bxg5 14. Qxg5 Qc5 15. Qxg7 Qxe5 16. Qg4 h5 17. Qe4 h4 18. Rf1 Ra7 19. Qg4 {½-½ (28) Balzert,A (2345)-Vega Palma,M (2306) ICCF email 2021}) 13... Bb4 14. Rh3 (14. Rb3 $15 Qa5 15. a3) 14... Ba5 ({Better is} 14... O-O $17 15. Rb3 Qa5) 15. Kf1 $11 Nxe5 {[%emt 0:21:15] Strongly threatening ...f6.} 16. Ncb5 Bxd2 17. Rxa3 Bxg5 18. Nc7+ $1 Kd8 19. Nxa8 Bxh4 20. Nb6 Bf6 $1 21. Rc3 $1 $36 {[%emt 0:06:37][%mdl 2048] Black is under pressure.} Nec6 22. Nxc6+ Nxc6 23. Rc4 Kc7 24. Bf3 {[%emt 0:00:34][%mdl 1024] White has compensation.} Rd8 25. Na8+ Kd6 {[%emt 0:02:37] [#] Hoping for ...Bd7.} 26. Nb6 Kc7 27. Na8+ Kd6 28. Nb6 Kc7 $1 {Weighted Error Value: White=0.12 (very precise) /Black=0.14 (very precise)} 1/2-1/2

[Event "Prague Festival-Challengers 2022"]
[Site "Prague"]
[Date "2022.06.08"]
[Round "1.3"]
[White "Pechac, Jergus"]
[Black "Stocek, Jiri"]
[Result "1-0"]
[ECO "E59"]
[WhiteElo "2597"]
[BlackElo "2533"]
[Annotator "TA"]
[PlyCount "71"]
[EventDate "2022.06.07"]
[EventType "tourn"]
[EventCountry "CZE"]
[SourceTitle "playchess.com"]
[Source "ChessBase"]
[SourceQuality "1"]
[TimeControl "40/5400+30:1800+30"]

1. d4 Nf6 2. c4 e6 3. Nc3 Bb4 4. e3 O-O 5. Bd3 d5 6. Nf3 dxc4 7. Bxc4 c5 8. O-O Nc6 9. a3 Bxc3 10. bxc3 Qc7 11. Re1 {[%emt 0:04:39] 11.h3 is setting a new trend.} Rd8 {[%emt 0:27:29] E59: Nimzo-Indian: Rubinstein: Main Line: 7...Nc6 8 a3 Bxc3 9 bxc3 dxc4.} 12. Ba2 {[%emt 0:07:10] [#]} e5 $146 ({Predecessor:} 12... b6 13. e4 h6 14. e5 Nh7 15. Bb2 Bb7 16. Rc1 Qe7 17. Qd3 Na5 18. Nd2 Nf8 19. g3 Qc7 {½-½ (43) Croberson (2431)-Brf (2443) Playchess.com INT 2008}) 13. Ng5 Rd7 {[%emt 0:03:26] White is slightly better.} 14. d5 e4 (14... h6 $11 15. Nh3 (15. Nxf7 c4 $11) 15... Rd8) 15. Qc2 $1 $16 ({Much worse is} 15. Nxf7 $6 c4 16. d6 (16. Bxc4 Na5 $17) 16... Qa5 17. Bxc4 Rxf7 $15) 15... Ne5 16. Nxe4 Nxd5 17. f4 Ng6 18. c4 Nde7 19. Bb2 b6 20. Bb1 {[%emt 0:06:34] Strongly threatening Qc3.} Qc6 21. Qf2 f5 22. Nc3 (22. Ng3 $16 {Threatens to win with e4.} Bb7 23. Nxf5) 22... Bb7 $11 23. e4 Rf8 24. Nd5 fxe4 25. Bxe4 Qd6 26. Be5 {[%emt 0:11:09] White is much more active.} (26. g3 $16) 26... Qe6 $1 27. Bf6 Qd6 (27... Nxd5 $11 28. Bxd5 Bxd5 29. Rxe6 Bxe6) 28. Nxe7+ $1 $16 Nxe7 {[%emt 0:00:03] [#]} 29. Bxh7+ $1 {[%emt 0:00:25][%mdl 512] This bishop pair is nice.} Kh8 (29... Kxh7 $2 30. Bxe7 Rxf4 31. Bxd6) 30. Be5 {[%emt 0:02:22] Intending Qh4 and mate.} Qh6 {[%emt 0:00:18] Inhibits Qh4.} 31. Bc2 {[%emt 0:01:27] Re3 is the strong threat.} Nc6 {[%emt 0:00:45] [#]} 32. Re3 ({Only move:} 32. Bc3 $1 $18 {And now Re3 would win.} Nd4 33. Re3) 32... Nxe5 $14 {[%emt 0:00:09][%mdl 64] Remove Defender} 33. Rxe5 $40 {[%emt 0:00:02][%mdl 128] Hoping for Qe2. White wants a kill.} Rd4 34. Qe2 g6 {[%emt 0:01:08][%mdl 8192] Prevents Rh5.} (34... Qxf4 {gets mated.} 35. Rh5+) (34... Kg8 $1 $14) 35. Re7 $18 Qxf4 {[%emt 0:00:34] aiming for ...Rd2.} 36. Bxg6 {[%emt 0:00:28] Weighted Error Value: White=0.12 (very precise) /Black=0.38} 1-0

[Event "Prague Festival-Challengers 2022"]
[Site "Prague"]
[Date "2022.06.08"]
[Round "1.4"]
[White "Niemann, Hans Moke"]
[Black "Abdusattorov, Nodirbek"]
[Result "1/2-1/2"]
[ECO "E49"]
[WhiteElo "2656"]
[BlackElo "2661"]
[Annotator "TA"]
[PlyCount "98"]
[EventDate "2022.06.07"]
[EventType "tourn"]
[EventCountry "CZE"]
[SourceTitle "playchess.com"]
[Source "ChessBase"]
[SourceQuality "1"]
[TimeControl "40/5400+30:1800+30"]

1. d4 Nf6 2. c4 e6 3. Nc3 Bb4 4. e3 O-O 5. Bd3 d5 6. a3 Bxc3+ 7. bxc3 dxc4 8. Bxc4 c5 9. Ne2 b6 10. O-O Qc7 11. Bd3 Ba6 {[%emt 0:00:33] E49: Nimzo-Indian: Rubinstein: 5 Bd3 d5 6 a3 Bxc3+ 7 bxc3.} 12. e4 Bxd3 13. Qxd3 Nbd7 (13... Ng4 14. e5 $16) 14. Bg5 h6 $1 {[%emt 0:08:23][%mdl 4] 14...h6 is setting a new trend.} (14... Ng4 15. Qh3 Ngf6 16. e5 $16) 15. Bh4 {[%emt 0:04:18] [#]} b5 $146 ({Predecessor:} 15... Rac8 16. e5 Nh7 17. f4 cxd4 18. cxd4 Qc2 19. Qe3 b5 20. Rfc1 Qf5 21. d5 exd5 22. Qxa7 {0-1 (52) Sarana,A (2666)-Sargsyan,S (2628) Warsaw 2021}) 16. f3 a6 17. g4 Rfc8 18. Qe3 cxd4 19. cxd4 Qb6 20. g5 hxg5 21. Bxg5 Rc2 22. Kh1 e5 23. Rg1 Rac8 24. Rad1 Ra2 {[%emt 0:07:35] And now ...Rcc2 would win.} 25. Rd2 Rcc2 26. Rxc2 Rxc2 27. Qd3 Rc4 28. Be3 Qc7 29. Qd1 g6 30. Qd3 Rc2 31. Rd1 Ra2 32. Rd2 Rxd2 (32... Ra1+ {is interesting.} 33. Kg2 Qa5 34. dxe5 Rxa3 35. Qd6 Rxe3 36. exf6 Nxf6 37. Kf2 Nxe4+ 38. fxe4 Rxe4 39. Qd8+ Qxd8 40. Rxd8+ Kg7) 33. Qxd2 Ne8 34. dxe5 Nxe5 35. Bf4 {[%emt 0:00:33] Black must now prevent Qd5.} Nc4 36. Qd5 (36. Qd4 $11 Qc8 37. Bc1) 36... Qc8 $1 $17 37. Nd4 Nf6 (37... Nxa3 $17 {Hoping for ...Qc4.} 38. Kg2 Nc4) 38. Qg5 $15 Qd8 (38... Nh7 $5 39. Qd5 Qh3 40. Qd8+ Nf8 $15) 39. Be5 (39. Nc6 $11 {and White stays safe.} Qd1+ 40. Kg2 Qc2+ 41. Kg1) 39... Nxe5 $19 40. Qxe5 {[%emt 0:00:00][%mdl 4096] Endgame [#] KQN-KQN} Nh5 $1 41. Kg2 {[%emt 0:06:19] [#]} a5 $2 (41... Qa5 $1 $19 42. Qb8+ (42. Qe8+ Kg7 $17) 42... Kg7) 42. Kf2 $1 $15 ({But not} 42. Nxb5 $2 Qd2+ 43. Kf1 (43. Kh3 $2 Nf4+ 44. Kh4 Qxh2+ 45. Kg4 Qh3+ 46. Kxf4 Qh2+ 47. Ke3 Qxe5 $19) 43... Nf4 44. Qb8+ Kg7 $19) 42... Qh4+ 43. Ke3 {[%emt 0:01:16] The position is equal.} Qe1+ 44. Ne2 $1 Qb1 $1 45. Qe8+ Kg7 46. Qe5+ Kg8 47. Qe8+ Kg7 48. Qe5+ Kh7 49. Qd5 Kg7 {[%emt 0:02:09] Weighted Error Value: White=0.18 (very precise) /Black=0.18 (very precise)} ({Don't play} 49... Qe1 50. Qxf7+ Ng7 51. Qc7 $16) ({Better is} 49... b4 $11) 1/2-1/2

[Event "Prague Festival-Challengers 2022"]
[Site "Prague"]
[Date "2022.06.08"]
[Round "1.5"]
[White "Michalik, Peter"]
[Black "Krzyzanowski, Marcin"]
[Result "1-0"]
[ECO "D38"]
[WhiteElo "2579"]
[BlackElo "2535"]
[Annotator "TA"]
[PlyCount "75"]
[EventDate "2022.06.07"]
[EventType "tourn"]
[EventCountry "CZE"]
[SourceTitle "playchess.com"]
[Source "ChessBase"]
[SourceQuality "1"]
[TimeControl "40/5400+30:1800+30"]

1. d4 Nf6 2. Nf3 d5 3. c4 e6 4. Nc3 Bb4 5. cxd5 exd5 6. Bg5 h6 7. Bh4 O-O {[%emt 0:00:39] 7...Bf5 is setting a new trend. D38: Queen's Gambit Declined: Ragozin Defence (4 Nf3 Bb4).} 8. e3 Bf5 9. Be2 (9. Qb3 $5 Nc6 10. Bxf6 Qxf6 11. Qxd5 $14) 9... Nbd7 {[%emt 0:02:35] The position is equal.} 10. Qb3 Bxc3+ 11. Qxc3 c6 12. Nd2 Re8 13. O-O a5 14. a4 {[%emt 0:05:19] [#]} Nf8 $146 ({Predecessor:} 14... Qb6 15. Bd3 Bxd3 16. Qxd3 Ne4 17. Nxe4 dxe4 18. Qc4 Qa6 19. Qb3 Nb6 20. Rac1 Nd5 {½-½ (55) Bernabeu Lopez,C (2411)-Serarols Mabras,B (2344) Linares 2021}) 15. f3 Bh7 16. Rfe1 Ne6 17. Bf1 g5 18. Bf2 Nc7 (18... Qe7 $11 {remains equal.}) 19. b4 $16 Ne6 20. bxa5 Qxa5 21. Qb2 Ra7 22. e4 Rea8 23. h4 Qd8 24. hxg5 hxg5 25. exd5 Nxd5 26. Nc4 Nef4 27. Ra3 {[%emt 0:04:05][%cal Ba1a3,Ba3b3,Bb3b7][%mdl 32] Prevents Bd3.} Qf8 (27... Rxa4 28. Rxa4 Rxa4 29. Qxb7 $14) (27... Bf5 $11) 28. a5 Nb4 $2 {[%emt 0:09:02] [#] This move loses the game for Black.} (28... b5 $16 29. axb6 Rxa3 30. Nxa3 (30. b7 Ra2 $11) 30... Rb8) 29. d5 $1 $18 Nbxd5 $2 (29... Nfxd5 30. Bxa7 Rxa7) 30. Rb3 ({Less strong is} 30. g3 Ne6 31. Bh3 (31. Bxa7 Rxa7 32. Re5 Bg6 $16) 31... Ndc7 32. Bxa7 Rxa7 $18) 30... c5 31. Rxb7 Ne6 $2 (31... Rxb7 32. Qxb7 Rb8) 32. Ne5 {[%emt 0:01:17] White is clearly winning.} Rxb7 33. Qxb7 Ndc7 34. a6 Qd6 35. a7 Nd8 36. Qb8 Bf5 37. Nc4 Qc6 38. Nb6 {[%emt 0:00:38] Weighted Error Value: White=0.14 (very precise) /Black=0.43} 1-0

[Event "Prague Festival-Challengers 2022"]
[Site "Prague"]
[Date "2022.06.09"]
[Round "2.1"]
[White "Keymer, Vincent"]
[Black "Sasikiran, Krishnan"]
[Result "1-0"]
[ECO "A13"]
[WhiteElo "2667"]
[BlackElo "2651"]
[Annotator "TA"]
[PlyCount "80"]
[EventDate "2022.06.07"]
[EventType "tourn"]
[EventCountry "CZE"]
[SourceTitle "playchess.com"]
[Source "ChessBase"]
[SourceQuality "1"]
[TimeControl "40/5400+30:1800+30"]

1. Nf3 d5 2. e3 Nf6 3. c4 e6 4. b3 b6 5. Bb2 Bb7 6. g3 {[%emt 0:06:06] A13: English Opening: 1...e6.} Nbd7 7. Bg2 Be7 8. cxd5 {[%emt 0:08:45] The position is equal.} exd5 9. O-O O-O 10. Nc3 Re8 11. Rc1 a6 12. Re1 {[%emt 0:05:29] [#]} Bf8 $146 ({Predecessor:} 12... Nc5 13. d3 Ne6 14. Re2 Rc8 15. Rec2 c5 16. d4 Rc7 17. Ne2 Ne4 18. Ne5 f5 {1-0 (47) Keymer,V (2602)-Liang,A (2587) chess24.com INT 2021}) 13. Re2 Rc8 14. d3 c5 15. d4 c4 16. a4 {[%emt 0:00:14] Prevents b5.} Ne4 17. Nd2 Nxc3 18. Bxc3 b5 19. bxc4 bxc4 20. e4 dxe4 21. Nxe4 Ba8 (21... Bd5 $1 $11) 22. h4 (22. d5 $14) 22... f5 $11 23. Ng5 Bxg2 24. Kxg2 Nf6 (24... Nb6 $142) 25. Re5 $1 h6 (25... f4 $11) 26. Ba5 $2 (26. Rxf5 $16 {[%cal Od4d5] is necessary to keep the advantage. d5! is the strong threat.} hxg5 27. hxg5) 26... Qd7 $17 27. Nf3 Bd6 (27... Ba3 $17 28. Rxe8+ Qxe8) 28. Rxe8+ $11 Qxe8 29. Nd2 Qe6 {[%emt 0:00:31] Hoping for ...Qd5+.} 30. Qf3 Ne4 31. Nf1 Qd5 32. Be1 f4 {[%emt 0:00:51] Inhibits Ne3.} 33. Nd2 Nf6 {[%emt 0:00:26] aiming for ...c3.} 34. Rxc4 Re8 {[%emt 0:00:04] [#]} (34... Qxf3+ $1 $11 35. Kxf3 Re8) 35. Rc6 $1 $16 {[%emt 0:01:11] Threatens to win with Qxd5+.} Qe6 (35... Bb8 36. Qxd5+) 36. Nc4 Qxe1 (36... fxg3 $142 37. Nxd6 Rf8) 37. Nxd6 $18 {[%emt 0:00:05] Dancing on a razor blade.} Rf8 38. Qxf4 {[%emt 0:01:24] Active counter play!} Qe6 39. Qf5 ({And not} 39. Rxa6 Ng4 40. d5 (40. Qe4 Qa2 $11) 40... Qxd5+ 41. Qe4 Qd2 42. Qe6+ (42. Qxg4 $2 Rxf2+ 43. Kh3 Rh2#) 42... Kh7 43. Qe4+ (43. Qxg4 $2 Rxf2+ 44. Kh3 Rh2#) 43... Kg8 $11) 39... Qe7 (39... Qa2 40. Rc8 (40. Rxa6 $2 Ng4 $19) 40... Rxc8 41. Qxc8+ Kh7) 40. d5 Kh8 {[%emt 0:00:00] Weighted Error Value: White=0.14 (very precise) /Black=0.30} 1-0

[Event "Prague Festival-Challengers 2022"]
[Site "Prague"]
[Date "2022.06.09"]
[Round "2.2"]
[White "Warmerdam, Max"]
[Black "Pechac, Jergus"]
[Result "1/2-1/2"]
[ECO "D78"]
[WhiteElo "2614"]
[BlackElo "2597"]
[Annotator "TA"]
[PlyCount "63"]
[EventDate "2022.06.07"]
[EventType "tourn"]
[EventCountry "CZE"]
[SourceTitle "playchess.com"]
[Source "ChessBase"]
[SourceQuality "1"]
[TimeControl "40/5400+30:1800+30"]

1. Nf3 d5 2. g3 g6 3. Bg2 Bg7 4. d4 Nf6 5. c4 c6 6. O-O O-O 7. Nc3 dxc4 8. e4 {[%emt 0:00:05] is the new trend.} b5 9. Qe2 {[%emt 0:00:05] D78: Fianchetto Grünfeld: 6 0-0 c6.} Bg4 10. e5 Nd5 11. a4 $1 {[%emt 0:00:31][%cal Ba2a4,Ba4b5][%mdl 32] [#]} Bf5 $146 ({Predecessor:} 11... Nd7 12. axb5 Nxc3 13. bxc3 cxb5 14. h3 Bf5 15. Ne1 Nb6 16. g4 Bd7 17. Bxa8 Qxa8 {0-1 (74) Matlakov,M (2674)-Bacrot,E (2638) Chess.com INT 2022}) 12. axb5 Bd3 13. Qd1 e6 14. Re1 a5 15. Bd2 Nxc3 ({Better is} 15... cxb5 $15 16. Nxb5 Qb6) 16. bxc3 $11 {[%emt 0:01:25] Strongly threatening Ng5. The position is equal.} cxb5 17. Re3 Nc6 18. Ne1 {[%emt 0:02:52][%csl LRc6,LRd3][%mdl 64] [#] Discovered Attack} Rc8 19. Nxd3 cxd3 20. Qb1 b4 21. Rxd3 bxc3 22. Bxc3 Nb4 23. Bxb4 axb4 24. Ra4 Rc4 25. Rxb4 Rxb4 26. Qxb4 Bxe5 $1 27. Qd2 Bg7 28. d5 exd5 29. Bxd5 Qe7 30. h4 h5 31. Qe3 Qxe3 32. Rxe3 {[%emt 0:00:03] An even fight not without its subleties.  Weighted Error Value: White=0.03 (flawless) /Black=0.06 (flawless)} 1/2-1/2

[Event "Prague Festival-Challengers 2022"]
[Site "Prague"]
[Date "2022.06.09"]
[Round "2.3"]
[White "Abdusattorov, Nodirbek"]
[Black "Michalik, Peter"]
[Result "1-0"]
[ECO "C42"]
[WhiteElo "2661"]
[BlackElo "2579"]
[Annotator "TA"]
[PlyCount "65"]
[EventDate "2022.06.07"]
[EventType "tourn"]
[EventCountry "CZE"]
[SourceTitle "playchess.com"]
[Source "ChessBase"]
[SourceQuality "1"]
[TimeControl "40/5400+30:1800+30"]

1. e4 e5 2. Nf3 Nf6 3. Nxe5 d6 4. Nf3 Nxe4 5. d4 d5 6. Bd3 Bd6 7. O-O O-O 8. c4 c6 9. Re1 Bf5 10. Qb3 Qd7 {[%emt 0:04:43] now scores much better than the old 10...Na6. C42: Petroff Defence: 3 Nxe5 and unusual White 3rd moves.} 11. c5 Bc7 12. Nc3 {[%emt 0:00:27] [#]} (12. Nh4 $11 {keeps the balance.}) 12... Nxc3 $146 (12... Nxc5 $1 $17 {[%mdl 512] stays on course.} 13. Bxf5 (13. dxc5 Bxd3) 13... Nxb3 14. Bxd7 Nxa1) ({Predecessor:} 12... Re8 13. Be3 Na6 14. Ne2 f6 15. a3 g5 16. Qc2 h5 17. Rad1 h4 18. Nd2 Qh7 19. Nxe4 Bxe4 20. Bxe4 Qxe4 21. Qxe4 Rxe4 {½-½ (33) Giri,A (2772)-Vidit,S (2727) Wijk aan Zee 2022}) 13. Qxc3 ({White has to play} 13. Bxf5 $16 Qxf5 14. Qxb7 (14. Qxc3 Nd7 $11) (14. bxc3 b6 $14)) 13... Na6 $11 14. Bd2 Rae8 15. b4 Bb8 16. a4 (16. b5 $5 Bxd3 17. Qxd3 Rxe1+ 18. Rxe1 cxb5 19. Rb1 $14) 16... Nc7 {[%emt 0:02:57] Against b5} 17. b5 Bxd3 18. Qxd3 {[%emt 0:00:23] Ne5 is the strong threat.} Rxe1+ 19. Rxe1 {[%emt 0:00:09] Strongly threatening Ne5.} f6 {[%emt 0:00:04] Prevents Ne5.} 20. Rb1 b6 21. Qc2 {[%emt 0:05:21] aiming for cxb6.} cxb5 22. axb5 Rc8 23. c6 {[%emt 0:03:44] White is more active.} Qd6 (23... Qg4 $16 24. Qd3 Qe4) 24. g3 $18 Re8 (24... Qe6 $142 25. Re1 Qf7) 25. Bf4 Qa3 26. Bxc7 Bxc7 27. Qf5 Qd6 28. Re1 Rd8 29. h4 Qf8 (29... g6 $142 30. Qg4 f5) 30. h5 {[%emt 0:00:42] White is clearly winning.} Qf7 31. Nh4 Bd6 {[%emt 0:01:13] [#]} 32. Ng6 $1 Bb4 {[%emt 0:03:08] [#]} (32... Bf8 33. Nf4) 33. Ne7+ $1 {[%emt 0:02:21][%mdl 512] Weighted Error Value: White=0.26 (precise) /Black=0.53} 1-0

[Event "Prague Festival-Challengers 2022"]
[Site "Prague"]
[Date "2022.06.09"]
[Round "2.4"]
[White "Stocek, Jiri"]
[Black "Niemann, Hans Moke"]
[Result "1-0"]
[ECO "E21"]
[WhiteElo "2533"]
[BlackElo "2656"]
[Annotator "TA"]
[PlyCount "51"]
[EventDate "2022.06.07"]
[EventType "tourn"]
[EventCountry "CZE"]
[SourceTitle "playchess.com"]
[Source "ChessBase"]
[SourceQuality "1"]
[TimeControl "40/5400+30:1800+30"]

1. d4 Nf6 2. c4 e6 3. Nf3 b6 4. Nc3 Bb4 5. Qb3 c5 6. Bg5 h6 7. Bh4 Nc6 8. d5 {[%emt 0:04:41] E21: Nimzo-Indian: 4 Nf3.} Na5 9. Qc2 Nxc4 (9... exd5 $11 {remains equal.} 10. cxd5 O-O) 10. dxe6 $16 {[%emt 0:06:34] White is better.} dxe6 {[%emt 0:16:03] [#]} (10... Qe7 $1 $14) 11. Rd1 $146 ({Predecessor:} 11. e4 b5 12. Bxc4 bxc4 13. e5 g5 14. Nxg5 Qd3 15. Qxd3 cxd3 16. Nxf7 Kxf7 17. Bxf6 {1-0 (39) Chatalbashev,B (2591)-Nikolov,S (2418) Albena 2011}) 11... Bd7 12. e3 Nxb2 13. Qxb2 {[%emt 0:00:44] a3 is the strong threat.} Ne4 14. Qxb4 cxb4 15. Nxe4 ({Reject} 15. Bxd8 Nxc3 16. Bh4 Nxd1 17. Kxd1 Rc8 $15) 15... Qc7 {[%emt 0:03:05] Hoping for ...Ba4.} 16. Bg3 $36 {[%emt 0:06:29][%mdl 2048] White is pushing.} Qc2 17. Bd3 Qxa2 {[%emt 0:00:39] [#]} (17... Qa4 $1 $14) 18. Nd6+ $1 Ke7 {[%emt 0:00:26] [#]} 19. O-O $1 Rhd8 20. Be4 {[%emt 0:23:24] Black must now prevent Ra1.} a5 21. Nxf7 {[%emt 0:09:40] White is much more active.} Ba4 $2 {[%emt 0:05:02][%mdl 8192] Loses the game.} (21... Bc6 $1 $11 22. Ra1 (22. Nxd8 Bxe4 23. Rd2 Qa4 $15) (22. Bxc6 Rxd1 23. Rxd1 Qc2 $11) 22... Qxa1 23. Rxa1 Bxe4 24. Nxd8 Rxd8) 22. Nxd8 $18 {[%emt 0:02:53] Dancing on a razor blade.} Rxd8 23. Ra1 Qc4 (23... Qe2 24. Bh4+ (24. Rxa4 $2 Rd1 $19) 24... g5) 24. Bg6 {[%emt 0:01:11] A strong pair of Bishops. White is clearly winning.} Bc6 25. Ne5 Qd5 26. Nxc6+ {[%emt 0:01:03] Weighted Error Value: White=0.03 (flawless) /Black=0.63} 1-0

[Event "Prague Festival-Challengers 2022"]
[Site "Prague"]
[Date "2022.06.09"]
[Round "2.5"]
[White "Hracek, Zbynek"]
[Black "Krzyzanowski, Marcin"]
[Result "1-0"]
[ECO "B31"]
[WhiteElo "2570"]
[BlackElo "2535"]
[Annotator "TA"]
[PlyCount "89"]
[EventDate "2022.06.07"]
[EventType "tourn"]
[EventCountry "CZE"]
[SourceTitle "playchess.com"]
[Source "ChessBase"]
[SourceQuality "1"]
[TimeControl "40/5400+30:1800+30"]

1. e4 c5 2. Nf3 Nc6 3. Bb5 g6 4. O-O Bg7 5. d3 e5 6. Nc3 {[%emt 0:09:19] B31: Sicilian: 2...Nc6 3 Bb5 g6.} d6 7. Nd5 h6 8. c3 {[%emt 0:08:19] [#] The position is equal.} a6 $146 ({Predecessor:} 8... Nge7 9. d4 cxd4 10. cxd4 O-O 11. dxe5 dxe5 12. Be3 Nxd5 13. Qxd5 Be6 14. Qxd8 Rfxd8 15. Bxc6 bxc6 {½-½ (79) Vrana,J (2356)-Furman,B (2164) Olomouc 2013}) 9. Bc4 Nge7 10. b4 cxb4 11. cxb4 O-O 12. Bd2 Kh7 13. Rc1 Be6 14. a4 Bxd5 15. exd5 Nb8 16. a5 Nd7 17. Re1 f5 18. Qb3 Ng8 19. b5 Nc5 20. Qb1 e4 21. dxe4 fxe4 22. Rxe4 Nxe4 23. Qxe4 Nf6 24. Qb1 {[%emt 0:03:19] aiming for bxa6.} Nd7 25. Bd3 axb5 26. Bxg6+ Kh8 27. Qxb5 {[%emt 0:01:12] White is much more active.} Nc5 (27... Qf6 $16 28. Qb1 (28. Qxd7 Qxg6 29. Qxb7 Rab8 $11) 28... Ne5) 28. Bb1 {[%emt 0:01:40] This bishop pair is nice.} Qe7 29. Qc4 Rae8 30. Nh4 {[%emt 0:02:01] [#] Threatens to win with Ng6+.} (30. Qc2 Qe4 $16) 30... Qe2 31. Ng6+ Kg8 32. Nxf8 {[%emt 0:03:58] Dancing on a razor blade.} Qxd2 (32... Qxc4 {was necessary.} 33. Rxc4 Re2) 33. Ne6 $18 Nxe6 34. dxe6 d5 35. Qc2 {[%emt 0:00:46] [#]} (35. Qc7 $18 {is more deadly. White wants to mate with Qf7+.} Rxe6 36. Qc8+ Kf7 37. Qd7+ (37. Rc7+ Kf6 $18) 37... Kf6 38. Qd8+ Re7 39. Rf1) 35... Qxc2 $16 36. Bxc2 {[%emt 0:00:02] Bb3 is the strong threat.} Rxe6 {[%emt 0:00:54][%mdl 4096] Endgame KRB-KRB} 37. Bb3 Rd6 38. Rc5 Bf8 $2 {[%emt 0:00:31] This move loses the game for Black.} (38... Kf8 $16 39. Bxd5 b6 40. axb6 Rxb6) 39. Rxd5 Kg7 (39... Kh8 $142 40. Rb5 Rc6) 40. Rb5 $18 Rd7 41. Bd5 Kf6 42. g3 Rc7 43. Bxb7 Rc1+ 44. Kg2 Bc5 45. a6 {[%emt 0:00:34] Weighted Error Value: White=0.17 (very precise) /Black=0.26 (precise)} 1-0